 Dungeon Crawl Stone Soup version 0.22-a0-274-gf8199ec (webtiles) character file.

957 Amnesiac the Skirmisher (level 7, -11/56 HPs)
             Began as a Mummy Wizard on Mar 13, 2018.
             Mangled by an ogre
             ... wielding a +0 giant club
              (26 damage)
             ... on level 5 of the Dungeon.
             The game lasted 00:11:04 (6350 turns).

Amnesiac the Skirmisher (Mummy Wizard)              Turns: 6350, Time: 00:11:05

Health: -11/56     AC:  8    Str: 10    XL:     7   Next: 91%
Magic:  9/13       EV: 13    Int: 20    God:
Gold:   140        SH:  0    Dex: 10    Spells: 3/14 levels left

rFire    x . .     SeeInvis .   g - +1 mace (protect)
rCold    + . .     Gourm    .   (no shield)
rNeg     + + +     Faith    .   a - +0 robe
rPois    ∞         Spirit   .   k - +0 helmet
rElec    .         Reflect  .   o - +0 cloak
rCorr    .         Harm     .   j - +0 pair of gloves
MR       .....                  b - +2 pair of boots
Stlth    ++........             (no amulet)
HPRegen  0.18/turn              (no ring)
MPRegen  0.13/turn              (no ring)

@: very slightly contaminated
A: no food or potions, fire vulnerability, cold resistance 1, negative energy
resistance 3, torment resistance, unbreathing
a: no special abilities


You were on level 5 of the Dungeon.
You were not hungry.

You visited 2 branches of the dungeon, and saw 6 of its levels.
You also visited: Sewer.

You collected 166 gold pieces.
You spent 26 gold pieces at shops.

Inventory:

Hand Weapons
 c - a +0 hunting sling
 g - a +1 mace of protection (weapon)
 i - a +2 dagger of pain
 p - a +4 quarterstaff of chaos
Missiles
 e - 106 stones (quivered)
 h - 19 sling bullets
Armour
 a - a +0 robe (worn)
 b - a +2 pair of boots (worn)
 j - a +0 pair of gloves (worn)
 k - a +0 helmet (worn)
 o - a +0 cloak (worn)
Scrolls
 d - 2 scrolls of blinking {!r}
 f - a scroll of remove curse {!r}
 l - a scroll of identify {!r}
 m - 2 scrolls of teleportation {!r}
 n - 2 scrolls of magic mapping {!r, unknown}


   Skills:
 + Level 5.5 Fighting
 + Level 4.5 Dodging
 - Level 1.5 Stealth
 - Level 4.0 Spellcasting
 - Level 4.0 Conjurations
 - Level 0.7 Summonings
 - Level 0.7 Translocations


You had 3 spell levels left.
You knew the following spells:

 Your Spells              Type           Power        Failure   Level  Hunger
a - Magic Dart            Conj           ###.         2%          1    N/A
b - Call Imp              Summ           #.......     14%         2    N/A
e - Mephitic Cloud        Conj/Pois/Air  #.......     22%         3    N/A
s - Conjure Flame         Conj/Fire      ##......     17%         3    N/A
v - Blink                 Tloc           N/A          14%         2    N/A

Dungeon Overview and Level Annotations

Branches:
Dungeon (5/15)             Temple (1/1) D:4

Altars:
Ashenzari
Cheibriados
Dithmenos
Elyvilon
Fedhas
Gozag
Makhleb
Nemelex Xobeh
Qazlal
Ru
Trog
Uskayaw
Vehumet
Wu Jian
Yredelemnul
Zin
The Shining One

Shops:
D:4 *

Annotations:
D:5 1 transporter


Innate Abilities, Weirdness & Mutations

You do not eat or drink.
Your flesh is vulnerable to fire.
You are immune to poison.
Your flesh is cold resistant. (rC+)
You are immune to negative energy. (rN+++)
You are immune to unholy pain and torment.
You can survive without breathing.


Message History

The adder skeleton barely misses you.
You barely miss the adder skeleton.
The adder skeleton is severely damaged.
The adder skeleton completely misses you.
The adder skeleton barely misses you.
You hit the adder skeleton.
The adder skeleton is almost destroyed.
The adder skeleton completely misses you.
You closely miss the adder skeleton.
The adder skeleton is almost destroyed.
The adder skeleton completely misses you.
The adder skeleton closely misses you.
You sock the adder skeleton!
You destroy the adder skeleton!
No target in view!
An adder skeleton comes into view.
An adder skeleton is nearby!
An adder skeleton is nearby!
An ogre comes into view. It is wielding a giant club.
The ogre shouts!
The adder skeleton barely misses you.
You completely miss the adder skeleton.
The adder skeleton bites you but does no damage.
You hit the adder skeleton.
Your weapon exudes an aura of protection.
The adder skeleton is moderately damaged.
The adder skeleton barely misses you. x2
You sock the adder skeleton!
The adder skeleton is almost destroyed.
The adder skeleton bites you.
You hit the adder skeleton.
You destroy the adder skeleton!
You hit the ogre.
The ogre is lightly wounded.
The ogre hits you but does no damage.
Casting: Mephitic Cloud (safe; 22% risk of failure)
Confirm with . or Enter, or press ? or * to list all spells.
Aiming: Mephitic Cloud (safe; 22% risk of failure)
Press: ? - help, Shift-Dir - straight line, f - ogre
Aim: an ogre, wielding a giant club (lightly wounded)
You miscast Mephitic Cloud.
You are very lightly contaminated with residual magic.
Sparks of electricity dance between your hands.
The ogre barely misses you.
You hit the ogre but do no damage.
The ogre is lightly wounded.
The ogre hits you with a giant club!
You hit the ogre.
The ogre is moderately wounded.
The ogre hits you but does no damage.
You hit the ogre.
The ogre is heavily wounded.
The ogre hits you with a giant club!
Casting: Mephitic Cloud (safe; 22% risk of failure)
Confirm with . or Enter, or press ? or * to list all spells.
Aiming: Mephitic Cloud (safe; 22% risk of failure)
Press: ? - help, Shift-Dir - straight line, f/p - ogre
Aim: an ogre, wielding a giant club (heavily wounded)
You miscast Mephitic Cloud.
The air around you crackles with energy!
The ogre hits you with a giant club!!
* * * LOW HITPOINT WARNING * * *
The ogre hits you with a giant club!!
You die...

.# .# .# ##.## #...
#..# ############ #..#
.........$.# #..#
.########.## #..#
#..@.# #.# ###
#..####.#.##O###.#
§§..##.......#.##.....#
..§§#...######.########
$#§.#........#.#
!©.§#©...###.#.#
.#§.#..........#
§§§§#...####.###
§§§§#......#.#


You could see an ogre.

Vanquished Creatures
  Eustachio (D:4)
  Menkaure (D:4)
  Purgy (Sewer)
  A sky beast (D:2)
  Blork the orc (D:4)
  A crimson imp (D:5)
  An orc priest (D:5)
  Crazy Yiuf (D:4)
  2 orc wizards (D:3)
  A worker ant (D:4)
  8 adders
  An ooze (D:3)
  2 adder skeletons (D:5)
  6 worms
  3 dart slugs
  5 leopard geckos
  10 orcs
  6 giant cockroaches
  8 goblins
  6 hobgoblins
  6 jackals
  A quokka (D:2)
  2 ball pythons
  10 bats
  5 frilled lizards
  5 kobolds
  6 rats
101 creatures vanquished.

Vanquished Creatures (collateral kills)
  An ice beast (D:3)
  A hobgoblin (D:3)
  A kobold (D:3)
  A bat (D:3)
4 creatures vanquished.

Grand Total: 105 creatures vanquished

Notes
Turn   | Place    | Note
-------+----------+-------------------------------------------
     0 | D:1      | Amnesiac the Mummy Wizard began the quest for the Orb.
     0 | D:1      | Reached XP level 1. HP: 13/13 MP: 5/5
    58 | D:1      | Reached skill level 1 in Conjurations
   266 | D:1      | Reached skill level 1 in Fighting
   620 | D:1      | Reached XP level 2. HP: 13/21 MP: 0/7
  1216 | D:1      | Reached skill level 2 in Fighting
  1708 | D:2      | Learned a level 2 spell: Call Imp
  1795 | D:2      | Reached XP level 3. HP: 27/27 MP: 3/8
  1877 | D:2      | Learned a level 3 spell: Mephitic Cloud
  1881 | D:2      | Learned a level 3 spell: Conjure Flame
  1935 | D:2      | Noticed a sky beast
  2424 | D:2      | Killed a sky beast
  2424 | D:2      | Reached XP level 4. HP: 29/33 MP: 6/10
  2602 | D:2      | Reached XP level 5. HP: 36/38 MP: 11/11
  2741 | D:2      | Learned a level 2 spell: Blink
  3216 | D:3      | Noticed an ice beast
  3318 | D:3      | Found a shadowy altar of Dithmenos.
  3318 | D:3      | Found a white marble altar of Elyvilon.
  3318 | D:3      | Found a glowing golden altar of the Shining One.
  3692 | D:3      | Killed an ice beast
  3692 | D:3      | Reached skill level 3 in Fighting
  3692 | D:3      | Reached XP level 6. HP: 5/47 MP: 5/12
  3825 | D:3      | Found a glowing drain.
  3834 | Sewer    | Entered a sewer
  4100 | Sewer    | Noticed Purgy
  4102 | Sewer    | Killed Purgy
  4615 | D:3      | Reached skill level 4 in Fighting
  4785 | D:4      | Noticed Blork the orc
  4816 | D:4      | Killed Blork the orc
  4816 | D:4      | Reached XP level 7. HP: 54/54 MP: 7/13
  4878 | D:4      | Found a runed door.
  5063 | D:4      | Noticed Eustachio
  5479 | D:4      | Found Ranuats's General Store.
  5487 | D:4      | Bought a scroll of identify for 26 gold pieces
  5576 | D:4      | Found a staircase to the Ecumenical Temple.
  5590 | D:4      | Noticed Menkaure
  5597 | Temple   | Entered the Ecumenical Temple
  5904 | D:4      | Killed Menkaure
  6117 | D:4      | Killed Eustachio
  6117 | D:4      | Reached skill level 5 in Fighting
  6173 | D:4      | Noticed Crazy Yiuf
  6184 | D:4      | Killed Crazy Yiuf
  6222 | D:5      | Entered Level 5 of the Dungeon
  6250 | D:5      | Found a transporter.
  6350 | D:5      | Mangled by an ogre

Vault maps used:
D:1:      lightli_arrival_lavapool
D:2:      first_ration
D:3:      gammafunk_temple_overflow_forgotten, cheibrodos_sewer_entry_bend
D:4:      cheibrodos_old_hovel, minmay_temple_entry_glassed_door, serial_shops,
          shop, uniq_eustachio, uniq_blork_the_orc, uniq_crazy_yiuf_cottage,
          uniq_menkaure
D:5:      gammafunk_cloud_chamber
Temple:   minmay_temple_curvy_branch
Sewer:    sewer_co_purgy_island

Skill      XL: |  1  2  3  4  5  6  7 |
---------------+----------------------+-----
Conjurations   | 1 3 4 |  4.0
Fighting       | 1 2 3 4 5 |  5.5
Dodging        | 2 3 4 |  4.5
Stealth        | |  1.5
Spellcasting   | |  4.0
Summonings     | |  0.7
Translocations | |  0.7

Action                   |  1- 3 |  4- 6 |  7- 9 || total
-------------------------+-------+-------+-------++-------
Melee: Unarmed           |    14 |       |       ||    14
       Mace              |     2 |   272 |   127 ||   401
 Fire: Hunting sling     |    29 |       |       ||    29
 Cast: Magic Dart        |    62 |     3 |     1 ||    66
       Call Imp          |     2 |     3 |     1 ||     6
       Conjure Flame     |     2 |       |     2 ||     4
       Mephitic Cloud    |       |    21 |    10 ||    31
  Use: Scroll            |       |     6 |       ||     6
 Stab: Confused          |       |     6 |     2 ||     8
       Sleeping          |       |     5 |     1 ||     6
Armor: Robe              |     9 |   113 |   129 ||   251
       Ring mail         |       |     3 |       ||     3
Dodge: Dodged            |    26 |   229 |   211 ||   466

Table legend:
 A = Spawn XP
 B = Non-spawn XP
 C = Spawn XP percentage of total XP
 D = Spawn monster count
 E = Non-spawn monster count
 F = Spawn count percentage of total count
 G = Total turns spent on level
                    A         B        C        D         E        F      G
               +---------+---------+-------+---------+---------+-------+---------
         Total |       0 |    1368 |   0.0 |       0 |     105 |   0.0 |  6350
               +---------+---------+-------+---------+---------+-------+---------
           D:1 |       0 |      34 |   0.0 |       0 |      16 |   0.0 |  2087
           D:2 |       0 |     226 |   0.0 |       0 |      32 |   0.0 |  1241
           D:3 |       0 |     293 |   0.0 |       0 |      34 |   0.0 |  1012
           D:4 |       0 |     541 |   0.0 |       0 |       8 |   0.0 |  1194
           D:5 |       0 |     111 |   0.0 |       0 |       8 |   0.0 |   128
         Sewer |       0 |     163 |   0.0 |       0 |       7 |   0.0 |   402
               +---------+---------+-------+---------+---------+-------+---------
